 Dungeon Crawl Stone Soup version 0.28-a0-662-g1651b1f1e0 (webtiles) character file.

Game seed: 3643036652786687845

503555 Zenkrye the Slayer (level 26, -31/231 HPs)
             Began as a Formicid Fighter on Oct 13, 2021.
             Was a High Priest of Okawaru.
             Killed from afar by a black draconian knight (51 damage)
             ... with a bolt of lightning
             ... on level 3 of the Realm of Zot on Oct 14, 2021.
             The game lasted 02:57:55 (53231 turns).

Zenkrye the Slayer (Formicid Fighter)              Turns: 53231, Time: 02:57:56

Health: -31/231    AC: 41    Str: 31    XL:     26   Next: 22%
Magic:  29/34      EV: 17    Int: 15    God:    Okawaru [*****.]
Gold:   535        SH: 30    Dex: 17    Spells: 31/35 levels left

rFire   + + +      SeeInvis +   a - +9 lajatang (speed)
rCold   + + +      Faith    .   u - +6 tower shield {AC+3}
rNeg    + . .      Spirit   .   s - +7 gold dragon scales
rPois   +          Reflect  .   (helmet unavailable)
rElec   .          Harm     .   U - scarf {rC+ rF+}
rCorr   .          Rampage  +   S - +3 pair of gloves "Nisy" {Rampage Drain rN+ Str+6}
Will    +++..                   f - +0 pair of boots {Fly}
Stlth   ..........              J - amulet of regeneration
HPRegen 1.48/turn               b - ring of Ipeov {rF+ rC+ Int+6}
MPRegen 0.24/turn               E - ring of willpower

@: heroic, finesse-ful, flying
A: permanent stasis, dig shafts and tunnels, antennae 3, four strong arms
}: 3/15 runes: decaying, silver, gossamer
a: Dig, Shaft Self, Renounce Religion, Heroism, Finesse, Duel


You were on level 3 of the Realm of Zot.
You worshipped Okawaru.
Okawaru was extremely pleased with you.
You visited 9 branches of the dungeon, and saw 43 of its levels.
You visited 1 bazaar.
You also visited: Bailey, Gauntlet and Volcano.

You collected 5102 gold pieces.
You spent 4567 gold pieces at shops.

Inventory:

Hand Weapons
 a - a +9 lajatang of speed (weapon)
 v - a +4 lajatang of distortion
 w - the +7 quarterstaff "Saovaex" {antimagic, *Rage Will++}
   (Okawaru gifted it to you on level 4 of the Depths)

   It reduces the magical energy of the wielder, and disrupts the spells and
   magical abilities of those it strikes.
   Natural abilities and divine invocations are not affected.
   *Rage:     It berserks you when you make melee attacks (+20% chance).
   Will:      It greatly increases your willpower.
Missiles
 c - 6 boomerangs of dispersal
 k - 8 curare-tipped darts
 m - 12 throwing nets {!f}
 A - 30 javelins
 G - 23 boomerangs (quivered)
 Y - 15 silver javelins
Armour
 f - a +0 pair of boots of flying (worn)
 l - the +2 pair of boots of Qazlal's Esteem {Str+4 Stlth+}
   (You bought it in a shop on level 2 of the Depths)

   Str:       It affects your strength (+4).
   Stlth:     It makes you more stealthy.
 q - a +3 plate armour of willpower
 s - +7 gold dragon scales (worn)
 u - a +6 tower shield of protection (worn)
 S - the +3 pair of gloves "Nisy" (worn) {Rampage Drain rN+ Str+6}
   (You found it in a Gauntlet)

   Str:       It affects your strength (+6).
   rN:        It protects you from negative energy.
   Drain:     It drains your maximum health when unequipped.
   Rampage:   It bestows one free step when moving towards enemies.
 U - a scarf of resistance (worn)
Jewellery
 b - the ring of Ipeov (left hand) {rF+ rC+ Int+6}
   (You bought it in a shop on level 4 of the Vaults)

   [ring of intelligence]

   Int:       It affects your intelligence (+6).
   rF:        It protects you from fire.
   rC:        It protects you from cold.
 p - a +4 ring of protection
 C - an amulet of reflection
 E - a ring of willpower (right hand)
 J - an amulet of regeneration (around neck)
 V - the ring "Evvamoret" {rC+ EV+4 Str+2 Dex+5}
   (You took it off an ogre mage on level 5 of the Vaults)

   [ring of evasion]

   EV:        It affects your evasion (+4).
   Str:       It affects your strength (+2).
   Dex:       It affects your dexterity (+5).
   rC:        It protects you from cold.
Wands
 d - a wand of acid (4) {@v2}
 h - a wand of mindburst (42)
 z - a wand of paralysis (30)
 D - a wand of digging (25) {@v1}
 H - a wand of polymorph (46)
 I - a wand of flame (94)
 X - a wand of iceblast (19) {@v4}
Scrolls
 g - 2 scrolls of magic mapping
 i - 13 scrolls of identify {@r1}
 j - a scroll of silence
 r - 6 scrolls of fear
 t - a scroll of holy word
 x - 4 scrolls of amnesia
 y - 6 scrolls of immolation
 Q - 3 scrolls of fog
Potions
 e - 20 potions of curing {@q1}
 n - 3 potions of cancellation
 o - a potion of magic
 B - 5 potions of heal wounds {@q2}
 N - 9 potions of ambrosia
 P - 4 potions of mutation
 W - 7 potions of might {@q4}
 Z - a potion of resistance {@q6}
Miscellaneous
 L - a phial of floods (inert)
 O - a condenser vane (inert)
 R - a tin of tremorstones (2/2)


   Skills:
 + Level 24.0(27) Fighting
 - Level 15.0(20.0) Staves
 - Level 10.0(15.0) Throwing
 - Level 18.0(23.0) Armour
 - Level 15.0(20.0) Dodging
 - Level 18.0(23.0) Shields
 - Level 5.0 Spellcasting
 + Level 11.0 Translocations
 - Level 15.0 Invocations
 - Level 8.0 Evocations


You had 31 spell levels left.
You knew the following spells:

 Your Spells              Type           Power      Damage    Failure   Level
g - Passage of Golubria   Tloc           N/A        N/A       12%         4

Your spell library contained the following spells:

 Spells                   Type           Power      Damage    Failure   Level
 Magic Dart               Conj           12%        1d3       75%         1
 Pain                     Necr           12%        1d4       75%         1
 Shock                    Conj/Air       12%        1d3       75%         1
 Corpse Rot               Necr/Air       N/A        N/A       86%         2
 Ensorcelled Hibernation  Hex/Ice        6%         N/A       86%         2
 Scorch                   Fire           6%         2d5       86%         2
 Slow                     Hex            3%         N/A       86%         2
 Static Discharge         Conj/Air       3%         N/A       86%         2
 Confusing Touch          Hex            3%         N/A       98%         3
 Conjure Flame            Conj/Fire      3%         6-21      98%         3
 Inner Flame              Hex/Fire       3%         N/A       98%         3
 Mephitic Cloud           Conj/Pois/Air  3%         N/A       98%         3
 Stone Arrow              Conj/Erth      6%         3d7       98%         3
 Vampiric Draining        Necr           1%         2d6       98%         3
 Airstrike                Air            1%         N/A       100%        4
 Cause Fear               Hex            1%         N/A       100%        4
 Dispel Undead            Necr           3%         3d7       100%        4
 Flame Wave               Conj/Fire      3%         3d3       100%        4
 Olgreb's Toxic Radiance  Pois           3%         N/A       100%        4
 Sticky Flame             Conj/Fire      3%         2d3       100%        4
 Agony                    Necr           3%         N/A       100%        5
 Alistair's Intoxication  Tmut/Pois      2%         N/A       100%        5
 Borgnjor's Vile Clutch   Necr/Erth      1%         N/A       100%        5
 Excruciating Wounds      Necr           1%         N/A       100%        5
 Fireball                 Conj/Fire      1%         3d3       100%        5
 Freezing Cloud           Conj/Ice/Air   1%         6-21      100%        5
 Iskenderun's Battlesphe  Conj           3%         2d6       100%        5
 Lightning Bolt           Conj/Air       1%         1d12      100%        5
 Silence                  Hex/Air        1%         N/A       100%        5
 Eringya's Noxious Bog    Tmut/Pois      1%         N/A       100%        6
 Iron Shot                Conj/Erth      1%         9d1       100%        6
 Starburst                Conj/Fire      1%         6d3       100%        6
 Ozocubu's Refrigeration  Ice            1%         4d5       100%        7
 Discord                  Hex            1%         N/A       100%        8
 Ignition                 Fire           1%         3d3       100%        8
 Lehudib's Crystal Spear  Conj/Erth      1%         10d2      100%        8
 Polar Vortex             Ice            1%         N/A       100%        9
 Call Imp                 Summ           Unusable   N/A       N/A         2
 Swiftness                Air            Unusable   N/A       N/A         3
 Tukima's Dance           Hex            Unusable   N/A       N/A         3
 Animate Armour           Summ/Erth      Unusable   N/A       N/A         4
 Summon Lightning Spire   Summ/Air       Unusable   N/A       N/A         4
 Death Channel            Necr           Unusable   N/A       N/A         6
 Simulacrum               Ice/Necr       Unusable   N/A       N/A         6
 Summon Cactus Giant      Summ           Unusable   N/A       N/A         6
 Spellforged Servitor     Conj/Summ      Unusable   N/A       N/A         7

Dungeon Overview and Level Annotations

Branches:
Dungeon (15/15)            Temple (1/1) D:5            Lair (5/6) D:10
  Swamp (4/4) Lair:2       Spider (4/4) Lair:3          Orc (2/2) D:11
    Elf (0/3) Orc:2        Vaults (5/5) D:14          Crypt (0/3) Vaults:2
 Depths (4/4) D:15            Zot (3/5) Depths:4     Bailey (visited)
Volcano (visited)         Gauntlet (visited)
  Slime: Lair:5-6

Altars:
Ashenzari
Cheibriados
Dithmenos
Elyvilon
Fedhas
Hepliaklqana
Kikubaaqudgha
Makhleb
Nemelex Xobeh
Okawaru
Qazlal
Ru
Sif Muna
Trog
Uskayaw
Vehumet
Wu Jian
Xom
Yredelemnul
Zin

Shops:
D:12 [   Orc:2 :[*[   Vaults:1 *   Vaults:4 [*!=*   Zot:2 *   Depths:2 *[[
Depths:4 *:=

Portals:
Hell: Depths:1 Depths:2 Depths:3 Depths:4
Abyss: Depths:2 Depths:3 Depths:4
Pandemonium: Depths:2 Depths:4
Ziggurat: Depths:4

Annotations:
D:2 Sigmund
D:8 Erica, Joseph, Maurice
D:15 3 runed translucent doors, Daew Qan's ghost, adept SpEE
Swamp:3 Mara
Vaults:4 2 transporters, exclusion: orange crystal statue, Margery
Depths:2 2 runed translucent doors
Zot:2 2 transporters


Innate Abilities, Weirdness & Mutations

You cannot be hasted, slowed, berserked, paralysed or teleported.
You can dig through walls and to a lower floor.
You have a pair of large antennae on your head. (SInv)
Your four strong arms can wield two-handed weapons with a shield.


Message History

The black draconian is engulfed in freezing vapours.
The black draconian seems to slow down.
The black draconian breathes lightning at you.
The bolt of lightning misses you. The bolt of lightning hits you!!!
* * * LOW HITPOINT WARNING * * *
The bolt of lightning hits the black draconian.
The black draconian completely resists.
The black draconian knight casts a spell at you.
The shard of ice hits you!! You partially resist.
* * * LOW HITPOINT WARNING * * *
You feel much better.
The red draconian is engulfed in freezing vapours.
The red draconian seems to slow down.
The red draconian breathes fire at you.
The searing blast hits the black draconian knight!!
The searing blast hits you. You resist.
* * * LOW HITPOINT WARNING * * *
You hear a sizzling sound!
The black draconian knight points at you and mumbles some strange words.
You block the shard of ice.
The yellow draconian annihilator is engulfed in freezing vapours.
You block the yellow draconian annihilator's attack.
The black draconian knight seems to slow down.
You block the black draconian knight's attack.
You feel much better.
The black draconian knight casts a spell at you.
The shard of ice hits you!! You partially resist.
* * * LOW HITPOINT WARNING * * *
The yellow draconian annihilator is engulfed in freezing vapours.
The yellow draconian annihilator seems to slow down.
The yellow draconian annihilator gestures at you while chanting.
The iron shot hits you!!!
* * * LOW HITPOINT WARNING * * *
The black draconian is engulfed in freezing vapours.
You block the black draconian's attack.
The black draconian knight is engulfed in freezing vapours.
The black draconian knight seems to slow down.
The black draconian knight breathes lightning at you.
The bolt of lightning hits you!!!
You die...

.# #..##
..###...##
.........##
#.........##
##....$....##
!.....○§§§..##
.§..§§q☼§§...#
....§§d@#
....§§qq.#
....§§d§##
....§§§##
......# .....#
#...# ...#


You could see 2 draconians, a black draconian (slow), a red draconian (slow,
catching breath) and a yellow draconian annihilator (slow).

Vanquished Creatures
  A dread lich (Vaults:5)
  2 ancient liches (Vaults:5)
  Mennas (Vaults:4)
  A juggernaut (Depths:4)
  Xtahua (Vaults:4)
  4 golden dragons
  2 bone dragons (Depths:4)
  Rupert (Lair:3)
  Jorgrun (D:14)
  10 tentacled monstrosities
  A walking earthen tome (Depths:3)
  3 titans
  3 liches
  6 quicksilver dragons
  3 death cobs
  Gastronok (Lair:3)
  2 tengu reavers
  5 sphinxes
  A thorn hunter (Swamp:3)
  4 storm dragons
  4 shadow dragons
  A fenstrider witch (Swamp:4)
  Donald (Vaults:1)
  A draconian knight (Depths:4)
  A draconian monk (Zot:3)
  13 fire giants
  3 ghost moths
  An orc warlord (Orc:2)
  Louise (Depths:3)
  2 draconian scorchers (Depths:4)
  An iron dragon (Vaults:5)
  3 draconian shifters
  12 vault wardens
  4 emperor scorpions
  Aizul (Vaults:1)
  4 spectral caustic shrikes (Depths:2)
  11 frost giants
  A quicksilver ooze (shapeshifter) (Depths:4)
  3 draconian annihilators
  3 spriggan defenders
  2 war gargoyles (Vaults:5)
  23 ironbound preservers
  3 vampire knights
  35 very ugly things
  10 stone giants
  3 entropy weavers
  6 green draconians
  2 black draconians
  13 dire elephants
  4 purple draconians
  3 red draconians
  A minotaur (Gauntlet)
  5 bunyips
  A white draconian (Zot:1)
  2 yellow draconians
  3 spark wasps (Depths:3)
  2 merfolk javelineers (Depths:1)
  4 eleionomae
  9 ettins
  2 deep elf death magi (Vaults:5)
  8 fire dragons
  5 ironbound thunderhulks
  2 shambling mangroves
  2 rakshasas (Depths:1)
  14 yaktaur captains
  23 hydras
  A peacekeeper (Vaults:1)
  Harold (Lair:1)
  A deep elf high priest (Vaults:5)
  3 spriggan air magi
  6 boulder beetles
  5 great orbs of eyes
  8 ice dragons
  A ghost crab (Swamp:4)
  33 vault guards
  2 ogre magi (Vaults:5)
  11 ironbound frosthearts
  9 centaur warriors
  9 two-headed ogres
  7 death yaks (Lair:5)
  A death knight (D:15)
  8 alligators
  8 deep troll shamans
  3 deep troll earth magi
  2 tengu warriors (Depths:1)
  5 spriggan berserkers
  5 orc high priests
  5 iron trolls
  A salamander mystic (Depths:3)
  A shadow wraith (Vaults:5)
  A sixfirhy (Depths:4)
  5 hell knights (Depths:2)
  4 skeletal warriors (D:15)
  59 deep trolls
  2 goliath frogs (Swamp:2)
  3 spriggan druids
  A glowing orange brain (Depths:3)
  2 flayed ghosts
  9 swamp dragons
  14 ironbound convokers
  5 necromancers
  A golden dragon zombie (Vaults:3)
  A deep elf archer (Volcano)
  9 deep elf pyromancers
  15 wizards
  4 phantasmal warriors
  4 lindwurms
  4 harpies (Vaults:1)
  A sphinx zombie (Vaults:3)
  2 orc knights
  2 oklob plants (D:10)
  3 bog bodies
  12 orb spiders
  A wolf spider (shapeshifter) (Depths:4)
  A mana viper (shapeshifter) (D:14)
  6 orc sorcerers
  2 cyclopes
  4 will-o-the-wisps
  2 manticores
  A cyclops (shapeshifter) (Vaults:5)
  5 human zombies (Vaults:3)
  9 moths of wrath
  28 wolf spiders
  66 ugly things
  4 salamanders (Depths:3)
  11 elephants
  4 black mambas
  A torpor snail (Spider:4)
  11 cane toads
  19 vault sentinels
  A yaktaur zombie (Vaults:3)
  2 gargoyles (D:12)
  18 yaktaurs
  A minotaur zombie (Gauntlet)
  An unseen horror (D:10)
  A komodo dragon (shapeshifter) (Vaults:5)
  3 komodo dragons
  A freezing wraith (Vaults:5)
  2 ice devils (D:13)
  5 tengu conjurers
  10 demonic crawlers
  A queen bee (D:11)
  A polar bear (Lair:4)
  7 meliai
  30 jumping spiders
  A hornet (shapeshifter) (D:15)
  2 polar bears (shapeshifter)
  13 hornets
  5 trolls
  9 tyrant leeches
  A tyrant leech (shapeshifter) (Depths:1)
  A harpy skeleton (D:15)
  Prince Ribbit (D:9)
  6 dream sheep (Lair:5)
  8 blink frogs (Lair:3)
  A centaur simulacrum (D:15)
  25 slime creatures
  A snapping turtle (shapeshifter) (Depths:3)
  7 shadows
  A ynoxinul (Gauntlet)
  37 tarantellas
  59 redbacks
  12 spriggans
  13 water elementals
  3 wraiths
  A yak (shapeshifter) (Depths:3)
  A wyvern (D:7)
  6 fire elementals (Volcano)
  54 yaks
  6 humans (Lair:5)
  A steam dragon (D:8)
  3 basilisks
  5 vampire mosquitoes (D:9)
  4 wargs
  4 hell hounds
  16 swamp worms
  An acid dragon (D:8)
  9 water moccasins
  44 orc warriors
  Duvessa (D:7)
  6 sky beasts
  8 swamp drakes
  4 boggarts
  A necrophage (D:6)
  16 ogres
  4 wolves (Lair:5)
  13 centaurs
  4 kobold brigands (D:10)
  16 bullfrogs
  2 gnoll sergeants (D:9)
  Dowan (D:7)
  A water moccasin skeleton (D:6)
  33 killer bees
  4 wights (D:7)
  4 howler monkeys
  4 electric eels (Bailey)
  8 centaur zombies
  2 gnoll shamans
  2 iron imps (Gauntlet)
  3 hounds
  14 orc priests
  A bullfrog skeleton (D:4)
  2 iguanas
  15 orc wizards
  7 hell rats (Lair:4)
  A hound zombie (D:5)
  19 gnolls
  8 adders
  A white imp (D:5)
  2 ufetubi
  An adder skeleton (D:4)
  2 worms
  3 dart slugs
  96 orcs
  6 endoplasms
  3 giant cockroaches
  20 goblins
  6 hobgoblins
  7 jackals (D:3)
  36 kobolds
  5 quokkas
  6 ball pythons
  6 bats
  2 frilled lizards
  6 rats
1642 creatures vanquished.

Vanquished Creatures (others)
  2 bloated husks
  A kobold brigand (D:11)
  A kobold (D:11)
  A bush (Lair:1)
  20 foxfires
  11 fungi
  50 plants
  14 withered plants (Gauntlet)
100 creatures vanquished.

Grand Total: 1742 creatures vanquished

Notes
Turn   | Place    | Note
-------+----------+-------------------------------------------
     0 | D:1      | Zenkrye the Formicid Fighter began the quest for the Orb.
     0 | D:1      | Reached XP level 1. HP: 18/18 MP: 1/1
    61 | D:1      | Reached XP level 2. HP: 22/24 MP: 2/2
   483 | D:1      | Reached XP level 3. HP: 24/29 MP: 3/3
  1417 | D:2      | Noticed Sigmund
  1471 | D:3      | Reached XP level 4. HP: 35/35 MP: 4/4
  1656 | D:3      | Reached skill level 5 in Staves
  1656 | D:3      | Reached XP level 5. HP: 34/41 MP: 3/5
  1866 | D:3      | Found a faded altar of an unknown god.
  2495 | D:4      | Reached XP level 6. HP: 44/47 MP: 6/6
  2579 | D:4      | Identified the +2 scale mail of Undesirable Species {+Blink
                  | rN+ Regen+}
  3117 | D:4      | You fall into a shaft and drop 1 floor!
  3117 | D:5      | Entered Level 5 of the Dungeon
  3180 | D:5      | Found a staircase to the Ecumenical Temple.
  3192 | Temple   | Entered the Ecumenical Temple
  3264 | Temple   | Became a worshipper of Warmaster Okawaru
  3349 | D:5      | Noticed a sky beast
  3369 | D:5      | Killed a sky beast
  3370 | D:5      | Reached XP level 7. HP: 40/52 MP: 7/7
  3519 | D:5      | Reached * piety under Okawaru
  3924 | D:6      | Found a sparkling altar of Nemelex Xobeh.
  3947 | D:6      | Noticed a water moccasin
  3955 | D:6      | Killed a water moccasin
  3956 | D:6      | Reached XP level 8. HP: 58/58 MP: 5/8
  4167 | D:6      | Reached ** piety under Okawaru
  4392 | D:6      | Noticed a vampire
  4691 | D:7      | Found a radiant altar of Vehumet.
  4803 | D:7      | Reached *** piety under Okawaru
  4804 | D:7      | Reached skill level 4 in Fighting
  4804 | D:7      | Reached XP level 9. HP: 47/65 MP: 8/11
  5084 | D:7      | Noticed Dowan
  5085 | D:7      | Noticed Duvessa
  5255 | D:7      | Reached skill level 5 in Shields
  5380 | D:7      | Found a snail-covered altar of Cheibriados.
  5489 | D:7      | Killed Duvessa
  5490 | D:7      | Reached skill level 5 in Fighting
  5490 | D:7      | Reached skill level 5 in Armour
  5492 | D:8      | Noticed Joseph
  5501 | D:7      | Killed Dowan
  5624 | D:7      | Reached skill level 5 in Invocations
  5674 | D:7      | Identified a scroll of acquirement
  5674 | D:7      | Acquired a +2 pair of gloves of dexterity
  5757 | D:7      | Reached **** piety under Okawaru
  5872 | D:8      | Noticed Maurice
  5898 | D:7      | Reached skill level 10 in Staves
  5898 | D:7      | Reached XP level 10. HP: 43/76 MP: 13/13
  5936 | D:7      | Reached skill level 6 in Fighting
  6027 | D:8      | Reached ***** piety under Okawaru
  6429 | D:8      | Noticed Erica
  6617 | D:9      | Found a flagged portal.
  6617 | D:9      | Noticed Prince Ribbit
  6655 | D:9      | Killed Prince Ribbit
  6655 | D:9      | Identified the +3 longbow of Crystal {flame, rF+ rCorr MP+9
                  | Int+4} (Okawaru gifted it to you on level 9 of the Dungeon)
  6655 | D:9      | Received a gift from Okawaru
  6687 | Bailey   | Entered a bailey
  6738 | Bailey   | Found an iron altar of Okawaru.
  6738 | Bailey   | Noticed an orc sorcerer
  6738 | Bailey   | Noticed an orc high priest
  6739 | Bailey   | Noticed an ice devil
  6768 | Bailey   | Noticed a smoke demon
  6772 | Bailey   | Noticed a sun demon
  6788 | Bailey   | Noticed a soul eater
  6798 | Bailey   | Noticed a smoke demon
  6800 | Bailey   | Noticed an orange demon
  6803 | Bailey   | Killed an orc high priest
  6804 | Bailey   | Reached skill level 7 in Fighting
  6815 | Bailey   | Killed an orc sorcerer
  6816 | Bailey   | Reached XP level 11. HP: 36/84 MP: 11/16
  6926 | Bailey   | Noticed an orc knight
  6946 | Bailey   | Killed an orc knight
  6996 | Bailey   | Acquired a +2 quarterstaff of speed
  7135 | Bailey   | Identified the +1 chain mail of Lekar {rElec Will++ Dex-4
                  | SInv}
  7701 | D:9      | Reached skill level 8 in Fighting
  8255 | D:10     | Entered Level 10 of the Dungeon
  8255 | D:10     | Found a broken altar of Ashenzari.
  8313 | D:10     | Received a gift from Okawaru
  9017 | D:10     | Noticed an oklob plant
  9252 | D:10     | Noticed an oklob plant
  9441 | D:10     | Reached XP level 12. HP: 94/94 MP: 18/18
  9704 | D:10     | Found a sacrificial altar of Ru.
  9804 | D:10     | Found a staircase to the Lair.
  9853 | D:11     | Found a stormy altar of Qazlal.
 10009 | D:11     | Reached skill level 9 in Fighting
 10234 | D:11     | Noticed a centaur warrior
 10239 | D:11     | Killed a centaur warrior
 10240 | D:11     | Reached skill level 10 in Shields
 10382 | D:11     | Identified the +0 chain mail of a bazaar {SInv}
 10884 | D:11     | Noticed a two-headed ogre
 10891 | D:11     | Killed a two-headed ogre
 11143 | D:11     | Found a staircase to the Orcish Mines.
 11173 | D:11     | Reached skill level 10 in Fighting
 11595 | D:10     | Reached skill level 10 in Armour
 11599 | Lair:1   | Entered Level 1 of the Lair of Beasts
 11653 | Lair:1   | Reached skill level 1 in Evocations
 11666 | Lair:1   | Reached skill level 1 in Dodging
 11816 | Lair:1   | Noticed a five-headed hydra
 11821 | Lair:1   | Received a gift from Okawaru
 11830 | Lair:1   | Killed a 12-headed hydra
 12124 | Lair:1   | Reached XP level 13. HP: 103/103 MP: 19/19
 12189 | Lair:1   | Noticed Harold
 12198 | Lair:1   | Killed Harold
 12808 | Lair:2   | Found a blossoming altar of Fedhas.
 13050 | Lair:2   | Noticed a four-headed hydra
 13063 | Lair:2   | Killed a 12-headed hydra
 13067 | Lair:2   | Acquired a +2 crystal plate armour
 13622 | Lair:2   | Found a staircase to the Swamp.
 13640 | Lair:2   | Received a gift from Okawaru
 14122 | Lair:3   | Noticed Rupert
 14176 | Lair:3   | Noticed an eight-headed hydra
 14187 | Lair:3   | Killed an 11-headed hydra
 14188 | Lair:3   | Reached skill level 11 in Fighting
 14394 | Lair:3   | Found a hole to the Spider Nest.
 14433 | Lair:3   | Noticed Gastronok
 14434 | Lair:3   | Noticed a six-headed hydra
 14448 | Lair:3   | Killed a 13-headed hydra
 14464 | Lair:3   | Killed Gastronok
 14489 | Lair:3   | Found a gate leading to a gauntlet.
 14499 | Gauntlet | Entered a Gauntlet
 14499 | Gauntlet | Found a transporter.
 14499 | Gauntlet | Found a transporter.
 14499 | Gauntlet | Found a large runed translucent door.
 14499 | Gauntlet | Found a large runed translucent door.
 14499 | Gauntlet | Found a large runed translucent door.
 14499 | Gauntlet | Found a large runed translucent door.
 14499 | Gauntlet | Found a large runed translucent door.
 14499 | Gauntlet | Found a large runed translucent door.
 14499 | Gauntlet | Found a runed translucent door.
 14499 | Gauntlet | Found a runed translucent door.
 14499 | Gauntlet | Found a large runed translucent door.
 14499 | Gauntlet | Found a large runed translucent door.
 14499 | Gauntlet | Found a large runed translucent door.
 14499 | Gauntlet | Found a large runed translucent door.
 14499 | Gauntlet | Found a large runed translucent door.
 14499 | Gauntlet | Found a large runed translucent door.
 14657 | Gauntlet | Found a transporter.
 14657 | Gauntlet | Found a transporter.
 14658 | Gauntlet | Found a large runed translucent door.
 14658 | Gauntlet | Found a large runed translucent door.
 14658 | Gauntlet | Found a large runed translucent door.
 14658 | Gauntlet | Found a large runed translucent door.
 14662 | Gauntlet | Found a runed translucent gate.
 14662 | Gauntlet | Found a runed translucent gate.
 14662 | Gauntlet | Found a runed translucent gate.
 14665 | Gauntlet | Noticed an entropy weaver
 14667 | Gauntlet | Found a transporter.
 14677 | Gauntlet | Found a transporter.
 14677 | Gauntlet | Found a transporter.
 14679 | Gauntlet | Noticed a balrug
 14682 | Gauntlet | Noticed an entropy weaver
 14706 | Gauntlet | Found a transporter.
 14713 | Gauntlet | Found a transporter.
 14741 | Gauntlet | Found a transporter.
 14775 | Gauntlet | Found a transporter.
 14791 | Gauntlet | Found a transporter.
 14804 | Gauntlet | Found a transporter.
 14876 | Gauntlet | Found a transporter.
 14891 | Gauntlet | Found a transporter.
 14909 | Gauntlet | Found a transporter.
 15145 | Gauntlet | Reached skill level 10 in Invocations
 15149 | Gauntlet | Identified the +3 pair of gloves "Nisy" {Rampage Drain rN+
                  | Str+6}
 15299 | Gauntlet | Noticed a minotaur
 15310 | Gauntlet | Killed a minotaur
 15347 | Gauntlet | Identified the amulet "Ryphob Yso" {Spirit Str+3}
 15347 | Gauntlet | Identified the +1 ring mail "Xupp" {Str+2 Int+4 Dex+7}
 15560 | Lair:3   | Reached XP level 14. HP: 109/113 MP: 21/21
 16310 | Lair:4   | Found a broken altar of Ashenzari.
 16339 | Lair:5   | Reached skill level 5 in Dodging
 16575 | Lair:5   | Identified the +7 lajatang "Ehemnuk" {flame, Will+}
                  | (Okawaru gifted it to you on level 5 of the Lair of Beasts)
 16575 | Lair:5   | Received a gift from Okawaru
 16582 | Lair:5   | Reached skill level 12 in Fighting
 17667 | Lair:5   | Identified the +3 helmet "Yqurabi" {MP-9 Int+6}
 18486 | Orc:1    | Entered Level 1 of the Orcish Mines
 18502 | Orc:1    | Received a gift from Okawaru
 18889 | Orc:1    | Reached XP level 15. HP: 111/122 MP: 23/23
 19187 | Orc:1    | Found a dark tunnel.
 19196 | Volcano  | Entered a volcano
 19762 | Orc:2    | Entered Level 2 of the Orcish Mines
 20033 | Orc:2    | Found Uceocus's Antique Armour Shoppe.
 20221 | Orc:2    | Found Apraurat's Antique Weapon Shoppe.
 20286 | Orc:2    | Noticed an orc warlord
 20334 | Orc:2    | Killed an orc warlord
 20388 | Orc:2    | Found a staircase to the Elven Halls.
 20394 | Orc:2    | Reached skill level 13 in Fighting
 20403 | Orc:2    | Found Qet Alee's General Store.
 20548 | Orc:2    | Found Kicseig's Antique Armour Boutique.
 20635 | Orc:2    | Found Fizenk's Book Boutique.
 21610 | D:12     | Found Intiguz's Antique Armour Boutique.
 22507 | D:13     | Received a gift from Okawaru
 23581 | D:14     | Reached XP level 16. HP: 54/131 MP: 19/25
 23846 | D:14     | Noticed Jorgrun
 23959 | D:15     | Entered Level 15 of the Dungeon
 24261 | D:15     | Found a runed translucent gate.
 24261 | D:15     | Found a runed translucent gate.
 24261 | D:15     | Found a runed translucent gate.
 24267 | D:15     | Noticed Daew Qan's ghost (adept SpEE)
 24820 | D:15     | Found a staircase to the Depths.
 24850 | D:15     | Found a white marble altar of Elyvilon.
 25062 | D:15     | Reached skill level 15 in Staves
 25162 | D:15     | Received a gift from Okawaru
 25162 | D:15     | Found the +6 Majin-Bo {vamp, MP+6 Int+6}
 25536 | D:15     | Reached skill level 14 in Fighting
 25975 | Swamp:1  | Entered Level 1 of the Swamp
 26030 | Swamp:2  | Reached XP level 17. HP: 140/140 MP: 26/26
 27037 | Swamp:3  | Noticed Mara
 27133 | Swamp:3  | Noticed a thorn hunter
 27253 | Lair:3   | Killed Rupert
 27276 | Spider:1 | Entered Level 1 of the Spider Nest
 27970 | Spider:1 | Received a gift from Okawaru
 28174 | Spider:3 | Reached skill level 15 in Fighting
 28207 | Spider:3 | Reached skill level 15 in Armour
 28646 | Spider:3 | Reached XP level 18. HP: 57/149 MP: 27/27
 29065 | Spider:3 | Reached skill level 10 in Dodging
 29279 | Spider:4 | Entered Level 4 of the Spider Nest
 29368 | Spider:4 | Reached ****** piety under Okawaru
 29704 | Spider:3 | Received a gift from Okawaru
 30154 | Spider:4 | Reached skill level 16 in Fighting
 30563 | Spider:4 | Got a gossamer rune of Zot
 30973 | Swamp:3  | Identified the +2 hand axe "Ucvot" {pain, Dex+8}
 31000 | Swamp:2  | Received a gift from Okawaru
 31257 | Swamp:4  | Entered Level 4 of the Swamp
 31274 | Swamp:4  | Reached skill level 15 in Shields
 31279 | Swamp:4  | Identified the +2 quarterstaff of Okawaru's Castigation
                  | {drain, Dex+5} (Okawaru gifted it to you on level 4 of the
                  | Swamp)
 31279 | Swamp:4  | Received a gift from Okawaru
 31420 | Swamp:4  | Reached XP level 19. HP: 28/159 MP: 25/28
 32064 | Swamp:4  | Reached skill level 17 in Fighting
 32395 | Swamp:4  | Received a gift from Okawaru
 32534 | Swamp:3  | You fall into a shaft and drop 1 floor!
 33172 | Swamp:4  | Upgraded the game from 0.28-a0-657-g71136c5590 to
                  | 0.28-a0-662-g1651b1f1e0
 33251 | Swamp:4  | Got a decaying rune of Zot
 33582 | D:14     | Noticed Nessos
 33592 | D:14     | Killed Jorgrun
 33601 | D:14     | Noticed Nessos
 33601 | D:14     | Nessos changed into Nessos the tarantella
 33607 | D:14     | Killed Nessos the tarantella
 34068 | D:14     | Found a gate to the Vaults.
 34348 | Depths:1 | Entered Level 1 of the Depths
 34391 | Depths:1 | Reached skill level 18 in Fighting
 34654 | Depths:1 | Found a gateway to Hell.
 35022 | Depths:1 | Noticed a titan
 35060 | Depths:1 | You fall into a shaft and drop 1 floor!
 35574 | Depths:1 | Noticed a lich
 35897 | Vaults:1 | Entered Level 1 of the Vaults
 35914 | Vaults:1 | Reached XP level 20. HP: 171/171 MP: 29/29
 35995 | Vaults:1 | Reached skill level 19 in Fighting
 36081 | Vaults:1 | Found Mumm's Assorted Antiques.
 36124 | Vaults:1 | Identified the +0 chain mail of Monotheism {Regen+ Dex+4}
                  | (Okawaru gifted it to you on level 1 of the Vaults)
 36124 | Vaults:1 | Received a gift from Okawaru
 36637 | Vaults:1 | Noticed Aizul
 36658 | Vaults:1 | Killed Aizul
 37070 | Vaults:1 | Reached skill level 15 in Dodging
 37163 | Vaults:1 | Reached skill level 20 in Fighting
 37219 | Vaults:1 | Identified the +5 broad axe of Luxury {spect, rN++ Int+6
                  | Stlth+}
 37235 | Vaults:1 | Noticed Donald
 37246 | Vaults:1 | Killed Donald
 37480 | Vaults:1 | Received a gift from Okawaru
 37841 | Vaults:2 | Reached skill level 1 in Throwing
 37941 | Vaults:2 | Reached skill level 5 in Evocations
 37953 | Vaults:2 | Reached XP level 21. HP: 172/183 MP: 23/30
 38083 | Vaults:2 | Found a flickering gateway to a bazaar.
 38105 | Bazaar   | Entered a bazaar
 38108 | Bazaar   | Found Tant's Weapon Shop.
 38141 | Bazaar   | Found Uklumoll's Distillery.
 38141 | Bazaar   | Found Eggiu's Book Shop.
 38168 | Bazaar   | Found Tasustruo's Assorted Antiques.
 38186 | Bazaar   | Bought a condenser vane for 800 gold pieces
 38206 | Bazaar   | Bought a potion of heal wounds for 65 gold pieces
 38206 | Bazaar   | Bought a potion of heal wounds for 65 gold pieces
 38206 | Bazaar   | Bought a potion of curing for 39 gold pieces
 38206 | Bazaar   | Bought a potion of curing for 39 gold pieces
 38206 | Bazaar   | Bought 2 potions of ambrosia for 208 gold pieces
 39245 | Vaults:2 | Found a staircase to the Crypt.
 39245 | Vaults:2 | Found a basalt altar of Yredelemnul.
 39245 | Vaults:2 | Found an ancient bone altar of Kikubaaqudgha.
 39251 | Vaults:2 | Learned a level 4 spell: Passage of Golubria
 39565 | Vaults:3 | Received a gift from Okawaru
 39629 | Vaults:3 | Reached skill level 1 in Spellcasting
 39718 | Vaults:3 | Reached skill level 1 in Translocations
 39772 | Vaults:3 | Reached XP level 22. HP: 77/192 MP: 32/32
 40100 | Vaults:3 | Reached skill level 5 in Throwing
 40926 | Vaults:3 | Reached skill level 21 in Fighting
 41410 | Vaults:4 | Reached XP level 23. HP: 200/200 MP: 33/33
 41430 | Vaults:4 | Found Ytiuqoup's Assorted Antiques.
 41439 | Vaults:4 | Bought a potion of heal wounds for 215 gold pieces
 41570 | Vaults:4 | Found Ugeican's Jewellery Shop.
 41570 | Vaults:4 | Found Yshreideh's Distillery.
 41580 | Vaults:4 | Bought the ring of Ipeov {rF+ rC+ Int+6} for 874 gold
                  | pieces
 41589 | Vaults:4 | Bought a potion of resistance for 200 gold pieces
 41589 | Vaults:4 | Bought a potion of might for 80 gold pieces
 41589 | Vaults:4 | Bought a potion of heal wounds for 100 gold pieces
 41589 | Vaults:4 | Bought a potion of mutation for 160 gold pieces
 41645 | Vaults:4 | Found a transporter.
 41645 | Vaults:4 | Noticed Margery
 41659 | Vaults:4 | Found a transporter.
 41777 | Vaults:4 | Received a gift from Okawaru
 41876 | Vaults:4 | Noticed Mennas
 41904 | Vaults:4 | Killed Mennas
 42032 | Vaults:4 | Found Kavvoeg's Antique Armour Shoppe.
 42038 | Vaults:4 | Bought a pair of embroidered boots for 225 gold pieces
 42163 | Vaults:4 | Identified the +5 quarterstaff of Domination {flame, Drain
                  | rF+ rN+ SInv} (Okawaru gifted it to you on level 4 of the
                  | Vaults)
 42163 | Vaults:4 | Received a gift from Okawaru
 42219 | Vaults:4 | Noticed Xtahua
 42236 | Vaults:4 | Killed Xtahua
 42629 | Vaults:4 | Found Waikit's General Store.
 42636 | Vaults:4 | Bought a scroll of fog for 38 gold pieces
 43113 | Depths:1 | Reached skill level 5 in Translocations
 44291 | Depths:2 | Reached skill level 15 in Invocations
 44387 | Depths:2 | Found Rimiejig's General Store.
 44391 | Depths:2 | Found Luwijuuj's Antique Armour Shop.
 44392 | Depths:2 | Found Qeodwang's Armour Boutique.
 44397 | Depths:2 | Bought a pair of bloodstained boots for 342 gold pieces
 44397 | Depths:2 | Identified the +2 pair of boots of Qazlal's Esteem {Str+4
                  | Stlth+} (You bought it in a shop on level 2 of the Depths)
 44919 | Depths:2 | Received a gift from Okawaru
 45039 | Depths:2 | Found a one-way gate leading to the halls of Pandemonium.
 45201 | Depths:2 | Received a gift from Okawaru
 45263 | Depths:2 | Found a one-way gate to the infinite horrors of the Abyss.
 45282 | Depths:2 | Found a runed translucent door.
 45294 | Depths:2 | Found a runed translucent door.
 45294 | Depths:2 | Noticed a juggernaut
 45758 | Depths:3 | Noticed Louise
 46179 | Depths:3 | Reached XP level 24. HP: 160/210 MP: 29/34
 46815 | Depths:3 | Received a gift from Okawaru
 47014 | Depths:3 | Killed Louise
 47052 | Depths:3 | Noticed a golden dragon
 47058 | Depths:3 | Killed a golden dragon
 47255 | Depths:3 | Got Sif Muna's Volume of Glacial Confrontation
 47258 | Depths:3 | Identified the +8 whip of Prudence {flame, rPois Str+2}
 47312 | Depths:3 | Found a snail-covered altar of Cheibriados.
 47381 | Depths:3 | Identified the +3 rapier "Asiff" {pain, rF+ Str+3 Dex-4
                  | Stlth+}
 47536 | Depths:4 | Entered Level 4 of the Depths
 47571 | Depths:4 | Found a gateway to a ziggurat.
 47586 | Depths:4 | Found Ajeilon's Book Boutique.
 47601 | Depths:4 | Found Edghimink's Assorted Antiques.
 47624 | Depths:4 | Noticed a golden dragon
 47640 | Depths:4 | Killed a golden dragon
 47641 | Depths:4 | Reached skill level 22 in Fighting
 48123 | Depths:4 | Received a gift from Okawaru
 48360 | Depths:4 | Found a gate to the Realm of Zot.
 48360 | Depths:4 | Noticed a golden dragon
 48371 | Depths:4 | Killed a golden dragon
 48499 | Depths:4 | Identified the +7 quarterstaff "Saovaex" {antimagic, *Rage
                  | Will++} (Okawaru gifted it to you on level 4 of the Depths)
 48499 | Depths:4 | Received a gift from Okawaru
 49226 | Depths:4 | Found Naschoac's Jewellery Boutique.
 49234 | Depths:4 | Bought an amulet of regeneration for 660 gold pieces
 49329 | Depths:4 | Noticed a juggernaut
 49337 | Depths:4 | Killed a juggernaut
 49788 | Vaults:5 | Entered Level 5 of the Vaults
 49809 | Vaults:5 | Received a gift from Okawaru
 49810 | Vaults:5 | Reached skill level 5 in Spellcasting
 49810 | Vaults:5 | Reached XP level 25. HP: 195/218 MP: 34/34
 49978 | Vaults:5 | Noticed a dread lich
 49996 | Vaults:5 | Killed a dread lich
 49997 | Vaults:5 | Reached skill level 10 in Throwing
 50014 | Vaults:5 | Identified the +6 scale mail of Yfacare {Dex+3}
 50079 | Vaults:5 | Identified the +1 ring mail "Puydolawo" {+Inv Str+4}
 50290 | Vaults:5 | Noticed an ancient lich
 50306 | Vaults:5 | Killed an ancient lich
 50313 | Vaults:5 | Noticed an ancient lich
 50337 | Vaults:5 | Killed an ancient lich
 50451 | Vaults:5 | Received a gift from Okawaru
 50741 | Vaults:5 | Received a gift from Okawaru
 50769 | Vaults:5 | Got a silver rune of Zot
 50865 | Vaults:5 | Reached skill level 23 in Fighting
 50874 | Vaults:5 | Identified the ring "Evvamoret" {rC+ EV+4 Str+2 Dex+5}
 51136 | Depths:2 | Bought a runed cloak for 270 gold pieces
 51314 | Orc:2    | Bought an embroidered cloak for 187 gold pieces
 51511 | Zot:1    | Entered Level 1 of the Realm of Zot
 51803 | Zot:1    | Reached skill level 10 in Translocations
 51874 | Zot:1    | Received a gift from Okawaru
 52135 | Zot:2    | Reached XP level 26. HP: 185/230 MP: 32/34
 52283 | Zot:3    | Noticed a Killer Klown
 52455 | Zot:2    | Received a gift from Okawaru
 52697 | Zot:2    | Found a transporter.
 52743 | Zot:2    | Found Gassael's CLEARANCE SALE!.
 52769 | Zot:2    | Received a gift from Okawaru
 52770 | Zot:2    | Reached skill level 24 in Fighting
 52808 | Zot:2    | Found a transporter.
 53231 | Zot:3    | Killed from afar by a black draconian knight

Illustrated notes

Levels and vault maps discovered:
D:1:      dpeg_arrival_rooms_with_view, layout_rooms
D:2:      layout_loops_corners, hangedman_decor_growths,
          uniq_crazy_yiuf_cottage, uniq_sigmund
D:3:      kennysheep_big_flooded_room, layout_loops_ring,
          hellmonk_ecumenical_altar_leap_of_faith, chequers_garden,
          kennysheep_generic_room_4
D:4:      layout_loops_ring
D:5:      layout_cave_pools, minmay_temple_entry_sparse_star
D:6:      layout_basic, nemelex_diamond_rough_becter, kennysheep_little_box,
          glass_columns_a, lemuel_old_faithful
D:7:      layout_loops_corners, vehumet_crystals, mainiacjoe_overflow_alcove_4,
          chequers_serial_rivers_micro_d, uniq_duvessa
D:8:      cheibrodos_elevator_heist, layout_cave_pools, tso_altar, minivault_26,
          minmay_misc_feat_nine_boxes, minmay_misc_feat_cross, uniq_erica,
          uniq_maurice, uniq_joseph
D:9:      layout_gridville, enter_bailey_5, st_stairs_11, uniq_prince_ribbit1
D:10:     layout_loops_ring, general_overflow_altar,
          cheibrodos_ashenzari_chains, dpeg_oklobed_lair, special_room
          [special_room_orc]
D:11:     layout_loops_corners, orc_0_dummy, special_room [special_room_bee],
          nicolae_qazlal_general_emergency
D:12:     layout_rooms, serial_shops, shop, minmay_librarian
D:13:     layout_layer_cave, portal_ice_cave_demonic_guard
D:14:     layout_loops_cross, david_vaults_4, kennysheep_another_room,
          uniq_jorgrun, uniq_nessos
D:15:     grunt_enter_depths_magical_seal, layout_layer_cave,
          ebering_ghost_rock_garden, hangedman_abyss_or_decor_clamps,
          elyvilon_altar_1
Temple:   regret_index_temple_waves
Lair:1:   layout_gridlike, uniq_harold
Lair:2:   layout_roguey, minmay_swamp_entry_wisps, basic_altar,
          lemuel_fruit_tree
Lair:3:   layout_cave_shapes, spider_nest_entry_funnel_web,
          gauntlet_entry_generic, grunt_megastairs_4, infiniplex_staircase_pool,
          uniq_rupert, uniq_gastronok
Lair:4:   layout_misc_corridors, basic_altar, lemuel_fruit_fields,
          grunt_megastairs_3
Lair:5:   slaughterhouse, layout_cave_pods, infiniplex_staircase_pool_2
Swamp:1:  layout_falls_marsh, nicolae_swamp_big_swirl, swamp_pool3
Swamp:2:  layout_falls_marsh, nicolae_swamp_some_circles, uniq_nikola
Swamp:3:  layout_basic_swamp, evilmike_swamp_ruin_house_6, uniq_mara
Swamp:4:  swamp, layout_basic_swamp, hangedman_swamp_lotus
Spider:1: layout_spider_delve
Spider:2: layout_spider_delve, nicolae_spider_webbed_stairs,
          hangedman_spider_tarantella_strand, uniq_azrael
Spider:3: layout_spider_delve
Spider:4: grunt_spider_rune_parallel
Orc:1:    layout_caves, nicolae_volcano_entry_two_sided
Orc:2:    grunt_orc_gardens, layout_caves, grunt_orc_garden, grunt_orc_garden,
          grunt_orc_garden, grunt_orc_garden, serial_shops, shop
Vaults:1: dpeg_vaults_monster_box, nicolae_vaults_ninety_degrees, v_pattern_5,
          ontoclasm_vaults_hangar, vaults_room_grunt_arrival_ludios,
          vaults_room_octagon, vaults_room_hallway, nicolae_vaults_network_s,
          nicolae_vaults_diagonal_hallway_7, vaults_dpeg_ring,
          hangedman_vaults_maws, vaults_dpeg_hooks, layout_vaults_omnicross,
          serial_shops, nicolae_shop_behind_doors, uniq_aizul, uniq_donald
Vaults:2: grunt_vaults_bifocal, minmay_crypt_entry_necro_gods,
          vaults_mumra_minichess_inversion, v_misc_30, nicolae_vaults_asterisk,
          ontoclasm_vaults_pinch, hangedman_vaults_pinch, vaults_room_fours,
          grunt_vaults_swirl, v_misc_17, nicolae_vaults_little_squares_6,
          layout_vaults_chaotic_city, serial_shops, bzr_entry_water
Vaults:3: ontoclasm_vaults_water_temple, v_misc_12, hangedman_vaults_maws,
          v_misc_1, ontoclasm_vaults_ring_small, v_misc_31,
          ontoclasm_vaults_decontamination, nicolae_vaults_little_squares_4,
          nicolae_vaults_theta, nicolae_vaults_little_squares_4,
          layout_vaults_maze_snakey
Vaults:4: vaults_room_pool, nicolae_vaults_shelves_hall,
          vaults_dpeg_encased_lava, gammafunk_sealed_arena, v_alt_pattern_4,
          vaults_room_pool, nicolae_vaults_little_squares_2, v_rooms_4,
          nicolae_vaults_little_squares_1, v_misc_29, ontoclasm_vaults_shuriken,
          v_pattern_1, nicolae_vaults_diagonal_hallway_9, layout_vaults_ring,
          serial_shops, shop, shop, shop, nicolae_diamond_shop,
          nicolae_shop_overgrown_old_shop, uniq_margery, uniq_xtahua,
          uniq_mennas
Vaults:5: uniq_bai_suzhen
Depths:1: minmay_connected_boxes_in_corner, layout_cave_pools,
          kennysheep_big_empty_room, hell_entry, drop_trap, due_unseen_surprise
Depths:2: thingy_vault_2, layout_gridville, abyss_entry,
          pf_hell_entry_tar_river, pan_entry, solitary_fountain,
          minmay_shop_star, serial_bayou_shore_a, infiniplex_staircase_zigzag_1
Depths:3: minmay_the_grid_octo_2x2 [minmay_the_grid_octo_horde,
          minmay_the_grid_octo_tetromino_candy, minmay_the_grid_octo_checkered,
          minmay_the_grid_octo_prize_big_c], layout_cave_pools,
          hangedman_coc_ice_floe, nicolae_abyss_entry_one_way_or_another,
          cheibriados_altar_1
Depths:4: grunt_zot_entry_funnels, layout_long_grid, enter_ziggurat_d,
          serial_shops, nicolae_shop_stone, nicolae_diamond_shop, shop_statue,
          abyss_entry, hell_entry, rand_demon_pan_entry_3,
          hangedman_decor_lopped, serial_bayou_shore_b
Zot:1:    layout_misc_corridors, st_small_dragon_hoard_2
Zot:2:    gammafunk_dig_for_victory, layout_cathedral_of_symmetry,
          nicolae_shop_clearance
Zot:3:    layout_onion

Skill      XL: |  1  2  3  4  5  6  7  8  9 10 11 12 13 14 15 16 17 18 19 20 21 22 23 24 25 26 |
---------------+-------------------------------------------------------------------------------+-----
Staves         | 3 4 5 7 8 9 10 11 12 13 14 15 | 15.0
Invocations    | 3 5 6 8 10 11 12 13 14 15 | 15.0
Shields        | 4 6 7 9 10 11 13 15 16 17 18 | 18.0
Armour         | 4 5 7 8 10 11 12 13 14 15 16 17 18 | 18.0
Fighting       | 4 5 7 8 10 11 12 13 14 15 16 18 20 21 22 23 24 | 24.0
Evocations     | 2 3 5 7 8 |  8.0
Dodging        | 1 4 6 7 8 9 11 13 15 | 15.0
Throwing       | 2 4 5 7 9 10 | 10.0
Spellcasting   | 3 5 |  5.0
Translocations | 2 4 6 7 10 11 | 11.0

Action                   |  1- 3 |  4- 6 |  7- 9 | 10-12 | 13-15 | 16-18 | 19-21 | 22-24 | 25-27 || total
-------------------------+-------+-------+-------+-------+-------+-------+-------+-------+-------++-------
Melee: Quarterstaff      |   100 |   172 |   281 |   512 |       |       |       |       |       ||  1065
       Lajatang          |       |       |       |   387 |  1102 |  1072 |  1265 |  1349 |   712 ||  5887
 Fire: Longbow           |       |       |       |     7 |       |       |       |       |       ||     7
Throw: Dart              |       |       |    19 |     7 |       |       |       |       |       ||    26
       Javelin           |       |       |       |       |    13 |    19 |     9 |     4 |    12 ||    57
       Throwing net      |       |       |       |       |       |     1 |     3 |       |       ||     4
       Boomerang         |       |       |       |       |       |     3 |     1 |       |    11 ||    15
Invok: Heroism           |       |       |     4 |    11 |    20 |    18 |    28 |    24 |    15 ||   120
       Finesse           |       |       |       |     5 |     9 |     8 |    12 |     9 |     4 ||    47
 Abil: Dig               |       |       |     2 |     4 |     3 |    13 |       |     4 |       ||    26
       Shaft Self        |       |       |       |       |       |       |     2 |       |       ||     2
Evoke: Wand              |       |       |       |     8 |     4 |    12 |     1 |     1 |       ||    26
       Phial of floods   |       |       |       |       |       |       |       |       |     2 ||     2
       Condenser vane    |       |       |       |       |       |       |       |       |     1 ||     1
  Use: Scroll            |     5 |     2 |     5 |     6 |     9 |     8 |     8 |     8 |       ||    51
       Potion            |       |       |     2 |       |     2 |     9 |     6 |     4 |     4 ||    27
 Stab: Paralysed         |       |       |       |       |     4 |       |       |       |       ||     4
       Held in net/web   |       |       |       |       |       |     6 |       |       |       ||     6
Armor: Scale mail        |    57 |    81 |   117 |   145 |       |       |       |       |       ||   400
       Chain mail        |       |       |       |   148 |   293 |   384 |    89 |       |       ||   914
       Crystal plate arm |       |       |       |       |       |       |   132 |    94 |       ||   226
       Swamp dragon scal |       |       |       |       |       |       |     2 |       |       ||     2
       Gold dragon scale |       |       |       |       |       |       |       |    64 |   153 ||   217
Dodge: Dodged            |    36 |    54 |    76 |   215 |   229 |   409 |   180 |   135 |   132 ||  1466
Block: Buckler           |    16 |    36 |    61 |   253 |   335 |   553 |    77 |       |       ||  1331
       Reflection        |       |       |       |     5 |    15 |     2 |    31 |    26 |       ||    79
       Tower shield      |       |       |       |       |       |       |   670 |   794 |   445 ||  1909
       Kite shield       |       |       |       |       |       |       |    14 |       |       ||    14

Table legend: (Time is in decaauts)
 A = Elapsed time spent in this place.
 B = Non-inter-level travel time spent in this place.
 C = Inter-level travel time spent in this place.
 D = Time resting spent in this place.
 E = Time spent auto-exploring this place.
 F = Levels seen in this place.
 G = Mean time per level.
                   A        B        C        D        E       F      G
               +--------+--------+--------+--------+--------+-----+--------+
         Total |  49763 |  46333 |   3430 |   7288 |  29475 |  47 | 1058.8 |
       Dungeon |  17211 |  15541 |   1670 |   1041 |  11755 |  15 | 1147.4 |
        Temple |    139 |     73 |     66 |      0 |     54 |   1 |  139.0 |
          Lair |   6470 |   6053 |    417 |   1026 |   4245 |   5 | 1294.0 |
         Swamp |   3510 |   3387 |    123 |   1311 |   1222 |   4 |  877.5 |
   Spider Nest |   2610 |   2445 |    165 |   1231 |    377 |   4 |  652.5 |
  Orcish Mines |   1700 |   1605 |     95 |    170 |   1096 |   2 |  850.0 |
        Vaults |   7190 |   6670 |    520 |     20 |   5017 |   5 | 1438.0 |
        Depths |   7637 |   7312 |    325 |   1980 |   4053 |   4 | 1909.2 |
           Zot |   1298 |   1252 |     46 |    248 |    670 |   3 |  432.7 |
        Bazaar |    114 |    114 |      0 |      0 |     73 |   1 |  114.0 |
        Bailey |    670 |    670 |      0 |     34 |    416 |   1 |  670.0 |
       Volcano |    374 |    374 |      0 |      0 |    253 |   1 |  374.0 |
      Gauntlet |    834 |    834 |      0 |    227 |    242 |   1 |  834.0 |
               +--------+--------+--------+--------+--------+-----+--------+

Top non-repeatable levels by time:
Depths:2: 2791 daAuts
    D:15: 2312 daAuts
Depths:4: 2066 daAuts
  Lair:5: 1946 daAuts
 Swamp:4: 1818 daAuts
Depths:1: 1799 daAuts
    D:11: 1794 daAuts
    D:10: 1751 daAuts
  Lair:2: 1703 daAuts
Vaults:1: 1692 daAuts
    D:13: 1682 daAuts
Vaults:2: 1594 daAuts
Vaults:3: 1559 daAuts
    D:14: 1508 daAuts
Vaults:4: 1473 daAuts
